Workbook

Sheet Info
A2: Part 1 QUESTION
A4: Investment Asking Price
A5: Asking price per SF | B5: 135
A6: Purchasing cost | B6: 0.02
A7: Building Size SF | B7: 60390
A8: Tenants | B8: 3
A9: Price for Total SF | B9: =B7*B5 -> 8152650
A10: Total Asking Price | B10: =B9+(B6*B9) -> 8315703
A12: Investment Returns
A13: Tenant 1
A14: Currently renting SF | B14: 24156
A15: Annual value per SF | B15: 25
A16: Lease expiry Yrs | B16: 2
A18: Tenant 2
A19: Currently renting SF | B19: 10266
A20: Annual value per SF | B20: 23.5
A21: Lease expiry Yrs | B21: 4
A22: Annual increase | B22: 0.025
A24: Tenant 3
A25: Currently renting SF | B25: =B7-B14-B19 -> 25968
A26: Annual value per SF | B26: 22
A27: Lease expiry Yrs | B27: 6
A28: Rental increase $ per SF | B28: 2 | C28: Beginning of 2nd and 4th year
A30: Annual Investment Costs
A31: Operating Expense per SF | B31: 8.5 | C31: per year
A32: Elevator Annual Capital Reserve Expense | B32: 150000 | C32: for a period of three years
A34: Notes
A35: V&C after first lease expiry | B35: 0.05 | C35: of the PGI
A36: Increase of V&C after the expiry of the second lease | B36: 0.1 | C36: of the PGI
A38: Current annual market rate per SF | B38: 19.75
A39: Market rate of Rent decrease per year | B39: 0.035 | C39: For the next 3 years
A40: Market rate of Rent increase per year | B40: 0.025 | C40: For te next 4 years after depreciation
A42: Annual increase in Operation Cost | B42: 0.025 | C42: With inflation
A43: Landlord cover operation cost | B43: 0.25 | C43: of the remaining operating expenses
A45: Elevetor replacement cost | B45: 450000 | C45: in year 4
A47: Building Depreciation years | B47: 39 | C47: Mid year convention for 1st and last year
A48: value of improvenemts | B48: 0.8 | C48: of the purchasing price
A50: Loan to Value Ratio | B50: 0.75
A51: Going out cap rate | B51: 0.085
A52: Investor's return/Discount rate | B52: 0.1
A53: Selling costs | B53: 0.02 | C53: of sales price
A55: Investor's period of holding the building | B55: 5 | C55: Years
A57: Income tax | B57: 0.35
A58: Capital gains tax | B58: 0.17
A60: NB: tax depreciation recapture and pure capital gain

Sheet Rent Market Project
A1: Rent Market Projection
A2: Year | B2: Rent
A3: 0 | B3: 19.75
A4: 1 | B4: =96.5%*B3 -> 19.05875
A5: 2 | B5: =96.5%*B4 -> 18.391694
A6: 3 | B6: =96.5%*B5 -> 17.747984
A7: 4 | B7: =102.5%*B6 -> 18.191684
A8: 5 | B8: =102.5%*B7 -> 18.646476
A9: 6 | B9: =102.5%*B8 -> 19.112638
A10: 7 | B10: =102.5%*B9 -> 19.590454

Sheet Building Purchase&Depreciation
A1: Loan Amortization
A3: Purchasing Amount | B3: =Info!B7*Info!B5 -> 8152650
A4: Purchasing Cost | B4: =2%*B3 -> 163053
A5: Loaned Amount | B5: =B3*Info!B50 -> 6114487.5
A6: Initial Capital | B6: =B3-B5 -> 2038162.5
A7: Annual Interest Rate | B7: 0.075
A8: Compounded Monthly Interest Rate | B8: =$B$7/12 -> 0.00625
A9: Amortization Rate | B9: =((B8*(1+B8)^360)/(((1+B8)^360)-1)) -> 0.0069921451
A10: Monthly Loan Repayment | B10: =B9*B5 -> 42753.384
A11: Adjusted Basis | B11: =B6+(B10*5) -> 2251929.4
A14: Loan Payment Schedule
A16: Year | B16: Principal Payment | C16: Interest | D16: Total Loan Repayment | E16: Loan Balance
A17: 0 | B17: =D17-C17 -> 4537.8368 | C17: =$B$8*B5 -> 38215.547 | D17: =$B$10 -> 42753.384 | E17: =B5-B17 -> 6109949.7
B18: =D18-C18 -> 4566.1983 | C18: =$B$8*E17 -> 38187.185 | D18: =$B$10 -> 42753.384 | E18: =E17-D18 -> 6067196.3
B19: =D19-C19 -> 4833.407 | C19: =$B$8*E18 -> 37919.977 | D19: =$B$10 -> 42753.384 | E19: =E18-D19 -> 6024442.9
B20: =D20-C20 -> 5100.6156 | C20: =$B$8*E19 -> 37652.768 | D20: =$B$10 -> 42753.384 | E20: =E19-D20 -> 5981689.5
B21: =D21-C21 -> 5367.8243 | C21: =$B$8*E20 -> 37385.559 | D21: =$B$10 -> 42753.384 | E21: =E20-D21 -> 5938936.1
B22: =D22-C22 -> 5635.0329 | C22: =$B$8*E21 -> 37118.351 | D22: =$B$10 -> 42753.384 | E22: =E21-D22 -> 5896182.7
B23: =D23-C23 -> 5902.2416 | C23: =$B$8*E22 -> 36851.142 | D23: =$B$10 -> 42753.384 | E23: =E22-D23 -> 5853429.4
B24: =D24-C24 -> 6169.4502 | C24: =$B$8*E23 -> 36583.934 | D24: =$B$10 -> 42753.384 | E24: =E23-D24 -> 5810676
B25: =D25-C25 -> 6436.6589 | C25: =$B$8*E24 -> 36316.725 | D25: =$B$10 -> 42753.384 | E25: =E24-D25 -> 5767922.6
B26: =D26-C26 -> 6703.8675 | C26: =$B$8*E25 -> 36049.516 | D26: =$B$10 -> 42753.384 | E26: =E25-D26 -> 5725169.2
B27: =D27-C27 -> 6971.0762 | C27: =$B$8*E26 -> 35782.308 | D27: =$B$10 -> 42753.384 | E27: =E26-D27 -> 5682415.8
B28: =D28-C28 -> 7238.2848 | C28: =$B$8*E27 -> 35515.099 | D28: =$B$10 -> 42753.384 | E28: =E27-D28 -> 5639662.4
A29: 1 | B29: =D29-C29 -> 7505.4935 | C29: =$B$8*E28 -> 35247.89 | D29: =$B$10 -> 42753.384 | E29: =E28-D29 -> 5596909.1
B30: =D30-C30 -> 7772.7021 | C30: =$B$8*E29 -> 34980.682 | D30: =$B$10 -> 42753.384 | E30: =E29-D30 -> 5554155.7
B31: =D31-C31 -> 8039.9108 | C31: =$B$8*E30 -> 34713.473 | D31: =$B$10 -> 42753.384 | E31: =E30-D31 -> 5511402.3
B32: =D32-C32 -> 8307.1194 | C32: =$B$8*E31 -> 34446.264 | D32: =$B$10 -> 42753.384 | E32: =E31-D32 -> 5468648.9
B33: =D33-C33 -> 8574.3281 | C33: =$B$8*E32 -> 34179.056 | D33: =$B$10 -> 42753.384 | E33: =E32-D33 -> 5425895.5
B34: =D34-C34 -> 8841.5367 | C34: =$B$8*E33 -> 33911.847 | D34: =$B$10 -> 42753.384 | E34: =E33-D34 -> 5383142.1
B35: =D35-C35 -> 9108.7453 | C35: =$B$8*E34 -> 33644.638 | D35: =$B$10 -> 42753.384 | E35: =E34-D35 -> 5340388.8
B36: =D36-C36 -> 9375.954 | C36: =$B$8*E35 -> 33377.43 | D36: =$B$10 -> 42753.384 | E36: =E35-D36 -> 5297635.4
B37: =D37-C37 -> 9643.1626 | C37: =$B$8*E36 -> 33110.221 | D37: =$B$10 -> 42753.384 | E37: =E36-D37 -> 5254882
B38: =D38-C38 -> 9910.3713 | C38: =$B$8*E37 -> 32843.012 | D38: =$B$10 -> 42753.384 | E38: =E37-D38 -> 5212128.6
B39: =D39-C39 -> 10177.58 | C39: =$B$8*E38 -> 32575.804 | D39: =$B$10 -> 42753.384 | E39: =E38-D39 -> 5169375.2
B40: =D40-C40 -> 10444.789 | C40: =$B$8*E39 -> 32308.595 | D40: =$B$10 -> 42753.384 | E40: =E39-D40 -> 5126621.8
A41: 2 | B41: =D41-C41 -> 10711.997 | C41: =$B$8*E40 -> 32041.386 | D41: =$B$10 -> 42753.384 | E41: =E40-D41 -> 5083868.5
B42: =D42-C42 -> 10979.206 | C42: =$B$8*E41 -> 31774.178 | D42: =$B$10 -> 42753.384 | E42: =E41-D42 -> 5041115.1
B43: =D43-C43 -> 11246.415 | C43: =$B$8*E42 -> 31506.969 | D43: =$B$10 -> 42753.384 | E43: =E42-D43 -> 4998361.7
B44: =D44-C44 -> 11513.623 | C44: =$B$8*E43 -> 31239.761 | D44: =$B$10 -> 42753.384 | E44: =E43-D44 -> 4955608.3
B45: =D45-C45 -> 11780.832 | C45: =$B$8*E44 -> 30972.552 | D45: =$B$10 -> 42753.384 | E45: =E44-D45 -> 4912854.9
B46: =D46-C46 -> 12048.04 | C46: =$B$8*E45 -> 30705.343 | D46: =$B$10 -> 42753.384 | E46: =E45-D46 -> 4870101.5
B47: =D47-C47 -> 12315.249 | C47: =$B$8*E46 -> 30438.135 | D47: =$B$10 -> 42753.384 | E47: =E46-D47 -> 4827348.2
B48: =D48-C48 -> 12582.458 | C48: =$B$8*E47 -> 30170.926 | D48: =$B$10 -> 42753.384 | E48: =E47-D48 -> 4784594.8
B49: =D49-C49 -> 12849.666 | C49: =$B$8*E48 -> 29903.717 | D49: =$B$10 -> 42753.384 | E49: =E48-D49 -> 4741841.4
B50: =D50-C50 -> 13116.875 | C50: =$B$8*E49 -> 29636.509 | D50: =$B$10 -> 42753.384 | E50: =E49-D50 -> 4699088
B51: =D51-C51 -> 13384.084 | C51: =$B$8*E50 -> 29369.3 | D51: =$B$10 -> 42753.384 | E51: =E50-D51 -> 4656334.6
B52: =D52-C52 -> 13651.292 | C52: =$B$8*E51 -> 29102.091 | D52: =$B$10 -> 42753.384 | E52: =E51-D52 -> 4613581.2
A53: 3 | B53: =D53-C53 -> 13918.501 | C53: =$B$8*E52 -> 28834.883 | D53: =$B$10 -> 42753.384 | E53: =E52-D53 -> 4570827.8
B54: =D54-C54 -> 14185.71 | C54: =$B$8*E53 -> 28567.674 | D54: =$B$10 -> 42753.384 | E54: =E53-D54 -> 4528074.5
B55: =D55-C55 -> 14452.918 | C55: =$B$8*E54 -> 28300.465 | D55: =$B$10 -> 42753.384 | E55: =E54-D55 -> 4485321.1
B56: =D56-C56 -> 14720.127 | C56: =$B$8*E55 -> 28033.257 | D56: =$B$10 -> 42753.384 | E56: =E55-D56 -> 4442567.7
B57: =D57-C57 -> 14987.336 | C57: =$B$8*E56 -> 27766.048 | D57: =$B$10 -> 42753.384 | E57: =E56-D57 -> 4399814.3
B58: =D58-C58 -> 15254.544 | C58: =$B$8*E57 -> 27498.839 | D58: =$B$10 -> 42753.384 | E58: =E57-D58 -> 4357060.9
B59: =D59-C59 -> 15521.753 | C59: =$B$8*E58 -> 27231.631 | D59: =$B$10 -> 42753.384 | E59: =E58-D59 -> 4314307.5
B60: =D60-C60 -> 15788.962 | C60: =$B$8*E59 -> 26964.422 | D60: =$B$10 -> 42753.384 | E60: =E59-D60 -> 4271554.2
B61: =D61-C61 -> 16056.17 | C61: =$B$8*E60 -> 26697.214 | D61: =$B$10 -> 42753.384 | E61: =E60-D61 -> 4228800.8
B62: =D62-C62 -> 16323.379 | C62: =$B$8*E61 -> 26430.005 | D62: =$B$10 -> 42753.384 | E62: =E61-D62 -> 4186047.4
B63: =D63-C63 -> 16590.588 | C63: =$B$8*E62 -> 26162.796 | D63: =$B$10 -> 42753.384 | E63: =E62-D63 -> 4143294
B64: =D64-C64 -> 16857.796 | C64: =$B$8*E63 -> 25895.588 | D64: =$B$10 -> 42753.384 | E64: =E63-D64 -> 4100540.6
A65: 4 | B65: =D65-C65 -> 17125.005 | C65: =$B$8*E64 -> 25628.379 | D65: =$B$10 -> 42753.384 | E65: =E64-D65 -> 4057787.2
B66: =D66-C66 -> 17392.213 | C66: =$B$8*E65 -> 25361.17 | D66: =$B$10 -> 42753.384 | E66: =E65-D66 -> 4015033.9
B67: =D67-C67 -> 17659.422 | C67: =$B$8*E66 -> 25093.962 | D67: =$B$10 -> 42753.384 | E67: =E66-D67 -> 3972280.5
B68: =D68-C68 -> 17926.631 | C68: =$B$8*E67 -> 24826.753 | D68: =$B$10 -> 42753.384 | E68: =E67-D68 -> 3929527.1
B69: =D69-C69 -> 18193.839 | C69: =$B$8*E68 -> 24559.544 | D69: =$B$10 -> 42753.384 | E69: =E68-D69 -> 3886773.7
B70: =D70-C70 -> 18461.048 | C70: =$B$8*E69 -> 24292.336 | D70: =$B$10 -> 42753.384 | E70: =E69-D70 -> 3844020.3
B71: =D71-C71 -> 18728.257 | C71: =$B$8*E70 -> 24025.127 | D71: =$B$10 -> 42753.384 | E71: =E70-D71 -> 3801266.9
B72: =D72-C72 -> 18995.465 | C72: =$B$8*E71 -> 23757.918 | D72: =$B$10 -> 42753.384 | E72: =E71-D72 -> 3758513.6
B73: =D73-C73 -> 19262.674 | C73: =$B$8*E72 -> 23490.71 | D73: =$B$10 -> 42753.384 | E73: =E72-D73 -> 3715760.2
B74: =D74-C74 -> 19529.883 | C74: =$B$8*E73 -> 23223.501 | D74: =$B$10 -> 42753.384 | E74: =E73-D74 -> 3673006.8
B75: =D75-C75 -> 19797.091 | C75: =$B$8*E74 -> 22956.292 | D75: =$B$10 -> 42753.384 | E75: =E74-D75 -> 3630253.4
B76: =D76-C76 -> 20064.3 | C76: =$B$8*E75 -> 22689.084 | D76: =$B$10 -> 42753.384 | E76: =E75-D76 -> 3587500
A77: 5 | B77: =D77-C77 -> 20331.509 | C77: =$B$8*E76 -> 22421.875 | D77: =$B$10 -> 42753.384 | E77: =E76-D77 -> 3544746.6
B78: =D78-C78 -> 20598.717 | C78: =$B$8*E77 -> 22154.666 | D78: =$B$10 -> 42753.384 | E78: =E77-D78 -> 3501993.3
B79: =D79-C79 -> 20865.926 | C79: =$B$8*E78 -> 21887.458 | D79: =$B$10 -> 42753.384 | E79: =E78-D79 -> 3459239.9
B80: =D80-C80 -> 21133.135 | C80: =$B$8*E79 -> 21620.249 | D80: =$B$10 -> 42753.384 | E80: =E79-D80 -> 3416486.5
B81: =D81-C81 -> 21400.343 | C81: =$B$8*E80 -> 21353.041 | D81: =$B$10 -> 42753.384 | E81: =E80-D81 -> 3373733.1
B82: =D82-C82 -> 21667.552 | C82: =$B$8*E81 -> 21085.832 | D82: =$B$10 -> 42753.384 | E82: =E81-D82 -> 3330979.7
B83: =D83-C83 -> 21934.76 | C83: =$B$8*E82 -> 20818.623 | D83: =$B$10 -> 42753.384 | E83: =E82-D83 -> 3288226.3
B84: =D84-C84 -> 22201.969 | C84: =$B$8*E83 -> 20551.415 | D84: =$B$10 -> 42753.384 | E84: =E83-D84 -> 3245473
B85: =D85-C85 -> 22469.178 | C85: =$B$8*E84 -> 20284.206 | D85: =$B$10 -> 42753.384 | E85: =E84-D85 -> 3202719.6
B86: =D86-C86 -> 22736.386 | C86: =$B$8*E85 -> 20016.997 | D86: =$B$10 -> 42753.384 | E86: =E85-D86 -> 3159966.2
B87: =D87-C87 -> 23003.595 | C87: =$B$8*E86 -> 19749.789 | D87: =$B$10 -> 42753.384 | E87: =E86-D87 -> 3117212.8
B88: =D88-C88 -> 23270.804 | C88: =$B$8*E87 -> 19482.58 | D88: =$B$10 -> 42753.384 | E88: =E87-D88 -> 3074459.4
A92: Depreciation Calculation
A94: Building Value | B94: =B3 -> 8152650
A95: Annual depreciation | B95: =((B94*80%)/39) -> 167233.85
A96: Capital Expense | B96: 450000
A98: Year | B98: Building Depreciation | C98: Capital Depreciation | D98: End of year Building Value
A99: 0 | B99: =B95/2 -> 83616.923 | C99: 0 | D99: =B94-B99 -> 8069033.1
A100: 1 | B100: =$B$95 -> 167233.85 | C100: 0 | D100: =D99-B100 -> 7901799.2
A101: 2 | B101: =$B$95 -> 167233.85 | C101: 0 | D101: =(D100-B101) -> 7734565.4
A102: 3 | B102: =$B$95 -> 167233.85 | C102: =(80%*$B$96)/36 -> 10000 | D102: =D101-B102-C102 -> 7557331.5
A103: 4 | B103: =$B$95 -> 167233.85 | C103: =(80%*$B$96)/36 -> 10000 | D103: =D102-B103-C103 -> 7380097.7
A104: 5 | B104: =$B$95/2 -> 83616.923 | C104: =((80%*$B$96)/36)/2 -> 5000 | D104: =D103-B104-C104 -> 7291480.8

Sheet Yearly Cashflow
A2: Yearly Cashflows
A4: Year 0 | B4: Tenant 1 | C4: Tenant 2 | D4: Tenant 3 | E4: TOTAL
A5: Income
A6: Currently renting SF | B6: 24156 | C6: 10266 | D6: 25968 | E6: =SUM(B6:D6) -> 60390
A7: Annual value per SF | B7: 25 | C7: 23.5 | D7: 22 | E7: =SUM(B7:D7) -> 70.5
A8: Total rent per year | B8: =B6*B7 -> 603900 | C8: =C6*C7 -> 241251 | D8: =D6*D7 -> 571296 | E8: =SUM(B8:D8) -> 1416447
A10: Expense
A11: Operating expenses | B11: =-8.5*B6*25% -> -51331.5 | C11: =-8.5*C6*25% -> -21815.25 | D11: =-8.5*D6*25% -> -55182 | E11: =-8.5*E6*25% -> -128328.75
A12: Elevator Capital Reserve (assume the cost is distributed evenly on all tenants) | B12: =-50000 -> -50000 | C12: -50000 | D12: -50000 | E12: =SUM(B12:D12) -> -150000
A13: Annual Mortgage Loan Repayment | E13: =-'Building Purchase&Depreciation'!B10 -> -42753.384
A14: Total Expense | E14: =SUM(E11:E13) -> -321082.13
A16: Income before tax | E16: =E8+E14 -> 1095364.9
A21: Year 1 | B21: Tenant 1 | C21: Tenant 2 | D21: Tenant 3 | E21: TOTAL
A22: Income
A23: Currently renting SF | B23: 24156 | C23: 10266 | D23: 25968 | E23: =SUM(B23:D23) -> 60390
A24: Annual value per SF | B24: 25 | C24: =23.5*102.5% -> 24.0875 | D24: =22+2 -> 24 | E24: =SUM(B24:D24) -> 73.0875
A25: Total rent per year | B25: =B23*B24 -> 603900 | C25: =C23*C24 -> 247282.27 | D25: =D23*D24 -> 623232 | E25: =SUM(B25:D25) -> 1474414.3
A27: Expense
A28: Operating expenses | B28: =-8.5*102.5%*25%*B23 -> -52614.787 | C28: =-8.5*102.5%*25%*C23 -> -22360.631 | D28: =-8.5*102.5%*25%*D23 -> -56561.55 | E28: =-8.5*102.5%*25%*E23 -> -131536.97
A29: Elevator Capital Reserve (assume the cost is distributed evenly on all tenants) | B29: =-50000 -> -50000 | C29: -50000 | D29: -50000 | E29: =SUM(B29:D29) -> -150000
A30: Annual Mortgage Loan Repayment | E30: =-'Building Purchase&Depreciation'!B10 -> -42753.384
A31: Total Expense | E31: =SUM(E28:E30) -> -324290.35
A33: Income before tax | E33: =E25+E31 -> 1150123.9
A38: Year 2 | B38: Tenant 1 | C38: Tenant 2 | D38: Tenant 3 | E38: TOTAL
A39: Income
A40: Currently renting SF | B40: 24156 | C40: 10266 | D40: 25968 | E40: =SUM(B40:D40) -> 60390
A41: Annual value per SF | B41: ='Rent Market Project'!B5 -> 18.391694 | C41: =23.5*((102.5%)^2) -> 24.689687 | D41: =22+2 -> 24 | E41: =SUM(B41:D41) -> 67.081381
A42: Total rent per year | B42: =B40*B41 -> 444269.75 | C42: =C40*C41 -> 253464.33 | D42: =D40*D41 -> 623232 | E42: =SUM(B42:D42) -> 1320966.1
A44: Expense
A45: Operating expenses | B45: =-8.5*((102.5%)^2)*25%*B40 -> -53930.157 | C45: =-8.5*((102.5%)^2)*25%*C40 -> -22919.647 | D45: =-8.5*((102.5%)^2)*25%*D40 -> -57975.589 | E45: =-8.5*((102.5%)^2)*25%*E40 -> -134825.39
A46: Vacancy and Collection Loss | B46: =-5%*B42 -> -22213.488 | C46: =-5%*C42 -> -12673.217 | D46: =-5%*D42 -> -31161.6 | E46: =-5%*E42 -> -66048.304
A47: Elevator Capital Reserve | B47: -50000 | C47: -50000 | D47: -50000 | E47: =SUM(B47:D47) -> -150000
A48: Annual Mortgage Loan Repayment | E48: =-'Building Purchase&Depreciation'!B10 -> -42753.384
A49: Total Expense | E49: =SUM(E45:E48) -> -393627.08
A51: Income before tax | E51: =E42+E49 -> 927339.01
A56: Year 3 | B56: Tenant 1 | C56: Tenant 2 | D56: Tenant 3 | E56: TOTAL
A57: Income
A58: Currently renting SF | B58: 24156 | C58: 10266 | D58: 25968 | E58: =SUM(B58:D58) -> 60390
A59: Annual value per SF | B59: ='Rent Market Project'!B6 -> 17.747984 | C59: =23.5*((102.5%)^3) -> 25.30693 | D59: =22+2+2 -> 26 | E59: =SUM(B59:D59) -> 69.054914
A60: Total rent per year | B60: =B58*B59 -> 428720.31 | C60: =C58*C59 -> 259800.94 | D60: =D58*D59 -> 675168 | E60: =SUM(B60:D60) -> 1363689.3
A62: Expense
A63: Operating expenses | B63: =-8.5*((102.5%)^3)*25%*B58 -> -55278.411 | C63: =-8.5*((102.5%)^3)*25%*C58 -> -23492.638 | D63: =-8.5*((102.5%)^3)*25%*D58 -> -59424.978 | E63: =-8.5*((102.5%)^3)*25%*E58 -> -138196.03
A64: Vacancy and Collection Loss | B64: =-5%*B60 -> -21436.016 | C64: =-5%*C60 -> -12990.047 | D64: =-5%*D60 -> -33758.4 | E64: =-5%*E60 -> -68184.463
A65: Annual Mortgage Loan Repayment | E65: =-'Building Purchase&Depreciation'!B10 -> -42753.384
A66: Total Expense | E66: =SUM(E63:E65) -> -249133.87
A68: Income before tax | E68: =E60+E66 -> 1114555.4
A73: Year 4 | B73: Tenant 1 | C73: Tenant 2 | D73: Tenant 3 | E73: TOTAL
A74: Income
A75: Currently renting SF | B75: 24156 | C75: 10266 | D75: 25968 | E75: =SUM(B75:D75) -> 60390
A76: Annual value per SF | B76: ='Rent Market Project'!B7 -> 18.191684 | C76: ='Rent Market Project'!B7 -> 18.191684 | D76: =22+2+2 -> 26 | E76: =SUM(B76:D76) -> 62.383368
A77: Total rent per year | B77: =B75*B76 -> 439438.32 | C77: =C75*C76 -> 186755.83 | D77: =D75*D76 -> 675168 | E77: =SUM(B77:D77) -> 1301362.1
A79: Expense
A80: Operating expenses | B80: =-8.5*((102.5%)^4)*25%*B75 -> -56660.371 | C80: =-8.5*((102.5%)^4)*25%*C75 -> -24079.954 | D80: =-8.5*((102.5%)^4)*25%*D75 -> -60910.603 | E80: =-8.5*((102.5%)^4)*25%*E75 -> -141650.93
A81: Vacancy and Collection Loss | B81: =-10%*B77 -> -43943.832 | C81: =-10%*C77 -> -18675.583 | D81: =-10%*D77 -> -67516.8 | E81: =-10%*E77 -> -130136.21
A82: Annual Mortgage Loan Repayment | E82: =-'Building Purchase&Depreciation'!B10 -> -42753.384
A83: Total Expense | E83: =SUM(E80:E82) -> -314540.53
A85: Income before tax | E85: =E77+E83 -> 986821.62
A90: Year 5 | B90: Tenant 1 | C90: Tenant 2 | D90: Tenant 3 | E90: TOTAL
A91: Income
A92: Currently renting SF | B92: 24156 | C92: 10266 | D92: 25968 | E92: =SUM(B92:D92) -> 60390
A93: Annual value per SF | B93: ='Rent Market Project'!B8 -> 18.646476 | C93: ='Rent Market Project'!B8 -> 18.646476 | D93: =22+2+2 -> 26 | E93: =SUM(B93:D93) -> 63.292952
A94: Total rent per year | B94: =B92*B93 -> 450424.28 | C94: =C92*C93 -> 191424.72 | D94: =D92*D93 -> 675168 | E94: =SUM(B94:D94) -> 1317017
A96: Expense
A97: Operating expenses | B97: =-8.5*((102.5%)^5)*25%*B92 -> -58076.881 | C97: =-8.5*((102.5%)^5)*25%*C92 -> -24681.953 | D97: =-8.5*((102.5%)^5)*25%*D92 -> -62433.368 | E97: =-8.5*((102.5%)^5)*25%*E92 -> -145192.2
A98: Vacancy and Collection Loss | B98: =-10%*B94 -> -45042.428 | C98: =-10%*C94 -> -19142.472 | D98: =-10%*D94 -> -67516.8 | E98: =-10%*E94 -> -131701.7
A99: Annual Mortgage Loan Repayment | E99: =-'Building Purchase&Depreciation'!B10 -> -42753.384
A100: Total Expense | E100: =SUM(E97:E99) -> -319647.29
A102: Income before tax | E102: =E94+E100 -> 997369.72

Sheet DCF Outline
A1: Year | B1: 1 | C1: 2 | D1: 3 | E1: 4 | F1: 5 | G1: 6
A2: Operating Cash Flows
A3: PGI | B3: ='Yearly Cashflow'!E8 -> 1416447 | C3: ='Yearly Cashflow'!E25 -> 1474414.3 | D3: ='Yearly Cashflow'!E42 -> 1320966.1 | E3: ='Yearly Cashflow'!E60 -> 1363689.3 | F3: ='Yearly Cashflow'!E77 -> 1301362.1 | G3: ='Yearly Cashflow'!E94 -> 1317017
A4: V&C | B4: 0 | C4: 0 | D4: ='Yearly Cashflow'!E46 -> -66048.304 | E4: ='Yearly Cashflow'!E64 -> -68184.463 | F4: ='Yearly Cashflow'!E81 -> -130136.21 | G4: ='Yearly Cashflow'!E98 -> -131701.7
A5: EGI | B5: =B3-B4 -> 1416447 | C5: =C3-C4 -> 1474414.3 | D5: =D3+D4 -> 1254917.8 | E5: =E3+E4 -> 1295504.8 | F5: =F3+F4 -> 1171225.9 | G5: =G3+G4 -> 1185315.3
A6: OE | B6: ='Yearly Cashflow'!E11 -> -128328.75 | C6: ='Yearly Cashflow'!E28 -> -131536.97 | D6: ='Yearly Cashflow'!E45 -> -134825.39 | E6: ='Yearly Cashflow'!E63 -> -138196.03 | F6: ='Yearly Cashflow'!E80 -> -141650.93 | G6: ='Yearly Cashflow'!E97 -> -145192.2
A7: CER | B7: ='Yearly Cashflow'!E12 -> -150000 | C7: ='Yearly Cashflow'!E29 -> -150000 | D7: ='Yearly Cashflow'!E47 -> -150000 | E7: - | F7: - | G7: -
A8: NOI | B8: =SUM(B5:B7) -> 1138118.2 | C8: =SUM(C5:C7) -> 1192877.3 | D8: =SUM(D5:D7) -> 970092.39 | E8: =SUM(E5:E7) -> 1157308.8 | F8: =SUM(F5:F7) -> 1029575 | G8: =SUM(G5:G6) -> 1040123.1
A9: DS | B9: ='Yearly Cashflow'!E13*12 -> -513040.6 | C9: ='Yearly Cashflow'!E30*12 -> -513040.6 | D9: ='Yearly Cashflow'!E48*12 -> -513040.6 | E9: ='Yearly Cashflow'!E65*12 -> -513040.6 | F9: ='Yearly Cashflow'!E82*12 -> -513040.6
A10: BTCF | B10: =B8+B9 -> 625077.65 | C10: =C8+C9 -> 679836.7 | D10: =D8+D9 -> 457051.78 | E10: =E8+E9 -> 644268.16 | F10: =F8+F9 -> 516534.4
A11: Tax | B11: =-B19 -> -213823.13 | C11: =-C19 -> -217106.59 | D11: =-D19 -> -152599.19 | E11: =-E19 -> -228092.23 | F11: =-F19 -> -196852.73
A12: ATCF | B12: =B10+B11 -> 411254.52 | C12: =C10+C11 -> 462730.11 | D12: =D10+D11 -> 304452.6 | E12: =E10+E11 -> 416175.92 | F12: =F10+F11 -> 319681.67
A14: Tax liability
A15: NOI | B15: =B8 -> 1138118.2 | C15: =C8 -> 1192877.3 | D15: =D8 -> 970092.39 | E15: =E8 -> 1157308.8 | F15: =F8 -> 1029575 | G15: =G8 -> 1040123.1
A16: Depreciation | B16: =-'Building Purchase&Depreciation'!B99 -> -83616.923 | C16: =-'Building Purchase&Depreciation'!B100 -> -167233.85 | D16: =-'Building Purchase&Depreciation'!B101 -> -167233.85 | E16: =-SUM('Building Purchase&Depreciation'!B102:C102) -> -177233.85 | F16: =-SUM('Building Purchase&Depreciation'!B103:C103) -> -177233.85 | G16: =-SUM('Building Purchase&Depreciation'!B104:C104) -> -88616.923
A17: Interest | B17: =-SUM('Building Purchase&Depreciation'!C17:C28) -> -443578.11 | C17: =-SUM('Building Purchase&Depreciation'!C29:C40) -> -405338.91 | D17: =-SUM('Building Purchase&Depreciation'!C41:C52) -> -366860.87 | E17: =-SUM('Building Purchase&Depreciation'!C53:C64) -> -328382.82 | F17: =-SUM('Building Purchase&Depreciation'!C65:C76) -> -289904.78 | G17: =-SUM('Building Purchase&Depreciation'!C77:C88) -> -251426.73
A18: Taxable income | B18: =SUM(B15:B17) -> 610923.22 | C18: =SUM(C15:C17) -> 620304.55 | D18: =SUM(D15:D17) -> 435997.68 | E18: =SUM(E15:E17) -> 651692.09 | F18: =SUM(F15:F17) -> 562436.38 | G18: =SUM(G15:G17) -> 700079.45
A19: Tax | B19: =35%*B18 -> 213823.13 | C19: =35%*C18 -> 217106.59 | D19: =35%*D18 -> 152599.19 | E19: =35%*E18 -> 228092.23 | F19: =35%*F18 -> 196852.73 | G19: =35%*G18 -> 245027.81
A22: Equity reversion | C22: Capital Gains Tax
A23: Sales price | B23: =G8/(8.5%) -> 12236742 | C23: NSP | D23: =B25 -> 11992008
A24: Selling costs | B24: =-2%*B23 -> -244734.85
A25: NSP | B25: =B23+B24 -> 11992008
A26: Mortgage balance | B26: ='Building Purchase&Depreciation'!E88 -> 3074459.4
A27: BTER | B27: =B25+B26 -> 15066467
A28: CGT | B28: =-17%*(B23-B30) -> -825629.59
A29: ATER | B29: =B27+B28 -> 14240837
A30: Building Value when selling | B30: ='Building Purchase&Depreciation'!D103 -> 7380097.7
A31: Investment Return Rate | B31: 0.1
A33: Year | B33: 0 | C33: 1 | D33: 2 | E33: 3 | F33: 4 | G33: 5
A34: Discounted Cash Flow Analysis (DCF) | H34: NPV | I34: IRR
A35: ATCF | B35: =B12 -> 411254.52 | C35: =C12/((1+8.5%)^C33) -> 426479.36 | D35: =D12/((1+8.5%)^D33) -> 258618.87 | E35: =E12/((1+8.5%)^E33) -> 325827.5 | F35: =F12/((1+8.5%)^F33) -> 230674.07 | G35: =G12/((1+8.5%)^G33) -> 0 | H35: =SUM(B35:G35) -> 1652854.3
A36: ATER | G36: =B29 -> 14240837
A37: Initial equity investment | B37: =-'Building Purchase&Depreciation'!B6-'Building Purchase&Depreciation'!B4 -> -2201215.5
A38: Total CF | B38: =SUM(B35:B37) -> -1789961 | C38: =C35 -> 426479.36 | D38: =D35 -> 258618.87 | E38: =E35 -> 325827.5 | F38: =F35 -> 230674.07 | G38: =SUM(G35:G37) -> 14240837 | I38: =SUM(B38:G38) -> 13692476
